 Dungeon Crawl Stone Soup version 0.20.1-1-g8b1a95d (webtiles) character file.

250 Linguinho the Sneak (level 5, -3/39 HPs)
             Began as a Demonspawn Assassin on Oct 30, 2017.
             Was a Follower of Cheibriados.
             Splashed by a jelly's acid (8 damage)
             ... on level 3 of the Dungeon.
             The game lasted 00:06:13 (2978 turns).

Linguinho the Sneak (Demonspawn Assassin)           Turns: 2978, Time: 00:06:14

Health: -3/39      AC:  5    Str: 15    XL:     5   Next: 88%
Magic:  0/5        EV:  7    Int: 16    God:    Cheibriados [*.....]
Gold:   121        SH:  0    Dex: 17    Spells: 4/4 levels left

rFire    . . .     SeeInvis .   a - +3 dagger
rCold    . . .     Gourm    .   (no shield)
rNeg     . . .     Faith    .   h - +0 chain mail (curse)
rPois    .         Spirit   +   o - +0 helmet
rElec    .         Reflect  .   d - +0 cloak
rCorr    .         Harm     .   (no gloves)
MR       .....                  (no boots)
Stlth    ..........             (no amulet)
Regen    0.2/turn               (no ring)
MPRegen  0.1/turn               (no ring)

@: corroded, very slightly contaminated, invisible, very slow
A: iridescent scales 1, magic shield, rot immunity
a: Bend Time, Renounce Religion


You were on level 3 of the Dungeon.
You worshipped Cheibriados.
Cheibriados was aware of your devotion.
You were hungry.

You visited 1 branch of the dungeon, and saw 3 of its levels.

You collected 121 gold pieces.

Inventory:

Hand Weapons
 a - a +3 dagger (weapon)
 b - a +0 blowgun
Missiles
 c - 4 tomahawks (quivered)
 e - 17 poisoned needles
 f - 2 curare-tipped needles
Armour
 d - a +0 cloak (worn)
 h - a cursed +0 chain mail (worn)
 o - a +0 helmet (worn)
Jewellery
 s - an uncursed ring of see invisible {unknown}
Scrolls
 i - 2 scrolls of enchant weapon
 j - 2 scrolls of remove curse {unknown}
 k - a scroll of recharging {unknown}
 l - a scroll of teleportation {unknown}
 n - a scroll of amnesia {unknown}
 q - a scroll of fog {unknown}
 t - a scroll of identify {unknown}
 v - a scroll of random uselessness {unknown}
Potions
 p - a potion of cancellation {unknown}
 u - a potion of resistance {unknown}
Comestibles
 g - 3 bread rations
 r - a royal jelly


   Skills:
 + Level 2.6 Fighting
 + Level 3.4 Short Blades
 - Level 1.8 Throwing
 * Level 3.0 Armour
 + Level 1.7 Dodging
 + Level 4.1 Stealth


You had 4 spell levels left.
You didn't know any spells.

Dungeon Overview and Level Annotations

Branches:
Dungeon (3/15)

Altars:
Cheibriados
Trog


Innate Abilities, Weirdness & Mutations

You are partially covered in iridescent scales. (AC +2)
When hurt, damage is shared between your health and your magic reserves.
You are immune to rotting.


Message History

It is a scroll of enchant weapon.
Your +2 dagger glows red for a moment.
The jelly hits you but does no damage.
You hit the jelly. The acid corrodes you!
Your hands burn!
* * * LOW HITPOINT WARNING * * *
The jelly is severely wounded.
The jelly hits you but does no damage.
You hit the jelly but do no damage.
Your hands burn!
* * * LOW HITPOINT WARNING * * *
The jelly is severely wounded.
The jelly closely misses you.
It was a potion of invisibility.
You fade into invisibility!
The jelly barely misses you.
You are very lightly contaminated with residual magic.
The jelly hits you but does no damage.
You see here a short sword.
The jelly hits you.
* * * LOW HITPOINT WARNING * * *
You are splashed with acid!
The acid burns!
You die...

$..÷..÷..#
.........#
.÷.......#
.........#
.÷.....÷.#
÷.÷J.J...#
#######.#
##J.)...##
#@########
##..'....#
####..(.#
#.......#
#.......#
#.#
#.......#
...
#......[#
#.#
##.....##
#.#
##...## #


You could see a jelly.

Vanquished Creatures
  The ghost of Linguinho the Sneak, an amateur DsAs (D:3)
  6 adders
  8 oozes (D:3)
  A worm (D:2)
  2 dart slugs (D:1)
  5 bats
  4 giant cockroaches (D:1)
  9 goblins
  9 hobgoblins
  6 jackals
  12 kobolds
  3 ball pythons
  2 frilled lizards
  11 rats
79 creatures vanquished.

Vanquished Creatures (others)
  5 fungi (D:3)
  10 toadstools (D:3)
15 creatures vanquished.

Grand Total: 94 creatures vanquished

Notes
Turn   | Place    | Note
-------+----------+-------------------------------------------
     0 | D:1      | Linguinho the Demonspawn Assassin began the quest for the Orb.
     0 | D:1      | Reached XP level 1. HP: 16/16 MP: 1/1
   110 | D:1      | Gained mutation: You are immune to rotting. [demonic ancestry]
   110 | D:1      | Reached XP level 2. HP: 19/22 MP: 2/2
   123 | D:1      | Reached skill level 1 in Armour
   145 | D:1      | Reached skill level 4 in Stealth
   362 | D:1      | Reached skill level 1 in Dodging
   673 | D:2      | Gained mutation: You are partially covered in iridescent scales. (AC +2) [demonic ancestry]
   673 | D:2      | Reached XP level 3. HP: 19/27 MP: 3/3
  1241 | D:2      | Reached XP level 4. HP: 22/34 MP: 4/4
  2206 | D:3      | Found a snail-covered altar of Cheibriados.
  2255 | D:3      | Became a worshipper of Cheibriados the Contemplative
  2701 | D:3      | Found a bloodstained altar of Trog.
  2752 | D:3      | Reached * piety under Cheibriados
  2770 | D:3      | Gained mutation: When hurt, damage is shared between your health and your magic reserves. [demonic ancestry]
  2770 | D:3      | Reached XP level 5. HP: 39/39 MP: 5/5
  2831 | D:3      | Noticed Linguinho's ghost (amateur DsAs)
  2904 | D:3      | Killed Linguinho's ghost
  2978 | D:3      | Splashed by a jelly's acid

Skill      XL: |  1  2  3  4  5 |
---------------+----------------+-----
Armour         | 1 2 3 |  3.0
Stealth        | 4 |  4.1
Dodging        | 1 |  1.7
Short Blades   | 2 3 |  3.4
Fighting       | |  2.6
Throwing       | |  1.8

Action                   |  1- 3 |  4- 6 || total
-------------------------+-------+-------++-------
Melee: Dagger            |   170 |   254 ||   424
Throw: Tomahawk          |     4 |     2 ||     6
  Use: Scroll            |       |     1 ||     1
       Potion            |       |     1 ||     1
  Eat: Chunk             |     1 |     5 ||     6
Armor: Chain mail        |    91 |   163 ||   254
       Robe              |     2 |       ||     2
Dodge: Dodged            |    36 |    74 ||   110
